 Dungeon Crawl Stone Soup version 0.30.1-3-gfc49f6343a (webtiles) character file.

Game seed: 11340805859236623010

29 101zpm the Magician (level 3, -4/25 HPs)
             Began as a Djinni Fire Elementalist on July 29, 2023.
             Slain by an iguana (14 damage)
             ... on level 2 of the Dungeon.
             The game lasted 00:03:31 (1258 turns).

101zpm the Magician (Djinni Fire Elementalist)      Turns: 1258, Time: 00:03:33

Health: -4/25      AC:  2    Str:  7    XL:     3   Next: 32%
Gold:   66         EV: 12    Int: 18    God:
                   SH:  0    Dex: 13

rFire   + + .        (no weapon)
rCold   x . .        (no shield)
rNeg    . . .        a - +0 robe
rPois   ∞            (no helmet)
rElec   .            (no cloak)
rCorr   .            (no gloves)
SInv    .            (boots unavailable)
Will    .....        (no amulet)
Stlth   ++           (no ring)
HPRegen 0.24/turn    (no ring)
MPRegen 0.00/turn

%: infuse magic (-5 HP)
@: flying
A: sickness immunity, fire resistance 2, cold vulnerability 1, float, innate
caster, HP casting, extra vitality 1
a: no special abilities


You were on level 2 of the Dungeon.
You visited 1 branch of the dungeon, and saw 2 of its levels.

You collected 66 gold pieces.

Inventory:

Hand Weapons
 j - a +0 short sword of venom
Armour
 a - a +0 robe (worn)
Scrolls
 d - 2 scrolls of identify {unknown}
 e - a scroll of blinking {unknown}
 f - a scroll of vulnerability {unknown}
 g - a scroll of poison {unknown}
 k - a scroll of teleportation {unknown}
Potions
 b - a potion of curing {unknown}
 c - a potion of attraction {unknown}
 h - 2 potions of flight {unknown}
 i - a potion of lignification {unknown}


   Skills:
 + Level 0.1 Fighting
 + Level 2.3 Dodging
 + Level 1.8 Stealth
 + Level 3.1 Spellcasting


You knew the following spells:

 Your Spells              Type           Power      Damage    Failure   Level
a - Foxfire               Conj/Fire      56%        2x1d6     4%          1
b - Scorch                Fire           28%        2d6       7%          2
c - Volatile Blastmotes   Fire/Tloc      28%        2d12      13%         3
d - Inner Flame           Hex/Fire       14%        N/A       13%         3
e - Flame Wave            Conj/Fire      14%        2d6       41%         4
f - Kiss of Death         Conj/Necr      56%        2d9       4%          1
Your spell library was empty.

Dungeon Overview and Level Annotations

Branches:
Dungeon (2/15)

Altars:


Innate Abilities, Weirdness & Mutations

You are immune to sickness and miasma.
You are immune to poison.
Your flesh is very heat resistant. (rF++)
You are vulnerable to cold. (rC-)
You float through the air rather than walking.
You learn spells naturally, not from books.
Your magical power is your life essence.
You have superior vitality. (+4 MHP)


Message History

Your foxfire dissipates! x2
Your foxfire dissipates!
Your foxfire dissipates!
There is a stone staircase leading down here.
You see here a rat skeleton.
The great orb of eyes turns its gaze towards you.
You see here a +0 dagger.
The eye of devastation turns its gaze towards you.
The eye of devastation turns its gaze towards you.
You see here a +0 sling.
Done exploring.
Done exploring.
You conjure some foxfire!
You conjure some foxfire!
You conjure some foxfire!
You conjure some foxfire!
You conjure some foxfire!
Your foxfire dissipates!
Your foxfire dissipates!
Your foxfire dissipates! x2
Your foxfire dissipates!
Your foxfire dissipates!
Done exploring.
(D) Dungeon
Where to? (Enter - D:2, ? - help)
What level of the Dungeon? (default 1, ? - help)
You see here a +0 club.
There is a stone staircase leading down here.
You fly downwards.
The iguana bites you!
Ouch! That really hurt!
The iguana barely misses you.
There is a stone staircase leading up here.
Casting: Foxfire (safe; 4% risk of failure)
Confirm with . or Enter, or press ? or * to list all spells.
Flames lash the iguana.
The iguana is moderately wounded.
The iguana's fire resistance burns away.
The iguana bites you!
Ouch! That really hurt!
You die...

# # #.#.###
.##.#.#.. .!....#.#
)..?....# ........#
#@# #l......# #..#
#.......# #..#
......... #..#
......... #..##
.#......... ....
......[.....###..##
###.##.###......§...
#...l<.#


You could see an iguana (combustible).

Vanquished Creatures
  A dart slug (D:1)
  2 endoplasms (D:1)
  A giant cockroach (D:1)
  4 goblins (D:1)
  3 hobgoblins (D:1)
  A jackal (D:1)
  5 ball pythons
  3 bats (D:1)
  2 frilled lizards (D:1)
  2 kobolds (D:1)
  3 rats (D:1)
27 creatures vanquished.

Vanquished Creatures (others)
  106 foxfires
106 creatures vanquished.

Grand Total: 133 creatures vanquished

Notes
Turn   | Place    | Note
-------+----------+-------------------------------------------
     0 | D:1      | 101zpm the Djinni Fire Elementalist began the quest for the
                  | Orb.
     0 | D:1      | 101zpm set off with the following spells memorised:
                  | Foxfire, Scorch, Volatile Blastmotes, Inner Flame, Flame
                  | Wave.
     0 | D:1      | Reached XP level 1. HP: 15/15 MP: 0/0
    74 | D:2      | Noticed an iguana
   320 | D:1      | Reached XP level 2. HP: 18/21 MP: 0/0
   570 | D:1      | Found a faded altar of an unknown god.
   570 | D:1      | Noticed a floating eye
   574 | D:1      | Noticed an eye of devastation
   574 | D:1      | Noticed a great orb of eyes
   574 | D:1      | Noticed an eye of devastation
   616 | D:1      | Reached skill level 3 in Spellcasting
   653 | D:1      | Reached XP level 3. HP: 18/25 MP: 0/0
   653 | D:1      | Learned a level 1 spell: Kiss of Death
  1258 | D:2      | Slain by an iguana

Illustrated notes

Levels and vault maps discovered:
D:1:      dpeg_arrival_snail, layout_loops_ring,
          hellmonk_ecumenical_altar_watching_god, minmay_split_cup_small
D:2:      layout_loops_ring, minmay_between

Skill      XL: |  1  2 |
---------------+-------+-----
Spellcasting   | 3 |  3.1
Fighting       | |  0.1
Dodging        | |  2.3
Stealth        | |  1.8

Action                     || total
---------------------------++-------
   Cast: Foxfire           ||    78
         Scorch            ||     8
 Armour: Robe              ||     6
  Dodge: Dodged            ||    10
